 Dungeon Crawl Stone Soup version 0.28-a0-828-g0121872642 (webtiles) character file.

Game seed: 14079551855757058552

144 bande the Covered (level 5, 0/33 HPs)
             Began as a Gargoyle Fighter on Nov 10, 2021.
             Slain by a river rat (7 damage)
             ... in a sewer.
             The game lasted 00:04:27 (4362 turns).

bande the Covered (Gargoyle Fighter)                Turns: 4362, Time: 00:04:27

Health: 0/33       AC: 13    Str: 20    XL:     5   Next: 26%
Magic:  5/5        EV:  9    Int:  9    God:
Gold:   43         SH:  4    Dex:  9    Spells: 4/4 levels left

rFire   . . .      SeeInvis .   a - +0 war axe
rCold   . . .      Faith    .   c - +0 buckler
rNeg    + . .      Spirit   .   b - +0 scale mail
rPois   ∞          Reflect  .   h - +1 helmet
rElec   +          Harm     .   (no cloak)
rCorr   .          Rampage  .   (no gloves)
Will    .....                   (no boots)
Stlth   ..........              (no amulet)
HPRegen 0.11/turn               (no ring)
MPRegen 0.09/turn               (no ring)

@: very slow
A: sickness immunity, AC +4, negative energy resistance 1, electricity
resistance, torment resistance 1, petrification resistance
a: no special abilities


You were in a sewer.
You visited 1 branch of the dungeon, and saw 3 of its levels.
You also visited: Sewer.

You collected 43 gold pieces.

Inventory:

Hand Weapons
 a - a +0 war axe (weapon)
 g - a +0 flail
Armour
 b - a +0 scale mail (worn)
 c - a +0 buckler (worn)
 h - a +1 helmet (worn)
Potions
 d - 2 potions of might
 e - a potion of lignification {unknown}


   Skills:
 + Level 4.0 Fighting
 + Level 3.5 Axes
 + Level 4.1 Armour
 + Level 3.8 Shields


You had 4 spell levels left.
You didn't know any spells.
Your spell library contained the following spells:

 Spells                   Type           Power      Damage    Failure   Level
 Sandblast                Erth           0%         2d4       75%         1
 Passwall                 Tmut/Erth      0%         N/A       86%         2
 Stone Arrow              Conj/Erth      0%         3d7       98%         3


Dungeon Overview and Level Annotations

Branches:
Dungeon (3/15)              Sewer (1/1)

Altars:


Innate Abilities, Weirdness & Mutations

You are immune to sickness and miasma.
Your stone body is resilient. (AC +4)
You are immune to poison.
You resist negative energy. (rN+)
You are resistant to electric shocks. (rElec)
You are resistant to unholy torment.
You are immune to petrification.


Message History

The river rat barely misses you. The river rat bites you!
Your unstable footing causes you to fumble your attack.
You block the river rat's attack. The river rat bites you.
The river rat barely misses you. x3
The river rat bites you but does no damage.
Your unstable footing causes you to fumble your attack.
The river rat closely misses you.
The river rat bites you but does no damage.
The river rat bites you.
You are too injured to fight recklessly!
You are too injured to fight recklessly!
You are too injured to fight recklessly!
You are too injured to fight recklessly!
You are too injured to fight recklessly!
You are too injured to fight recklessly!
Unknown command.
Your unstable footing causes you to fumble your attack.
The river rat bites you but does no damage.
The river rat bites you.
* * * LOW HITPOINT WARNING * * *
The river rat bites you.
* * * LOW HITPOINT WARNING * * *
You block the river rat's attack.
The rat twitches its whiskers.
You block the river rat's attack. The river rat completely misses you.
The river rat closely misses you.
You closely miss the river rat. You hit the river rat. x2
You closely miss the river rat. You completely miss the river rat.
The river rat bites you but does no damage. x2
You block the river rat's attack. The river rat barely misses you.
The river rat bites you but does no damage.
The river rat twitches its whiskers.
The river rat bites you but does no damage.
You block the river rat's attack.
Unknown command.
The river rat bites you but does no damage. x2
The river rat bites you but does no damage. x2
The river rat bites you but does no damage.
The river rat bites you!
You die...

################### .
###..≈≈≈≈≈≈.≈≈r≈≈≈≈≈#...
##...≈≈≈≈≈≈≈≈≈@rr≈≈≈≈r...
#....≈≈≈≈#≈≈#≈rr≈r≈≈≈....
#....≈≈≈≈≈≈≈≈≈≈≈≈≈r≈r....
##.....≈≈≈≈≈≈≈≈≈≈≈≈≈≈≈≈...
#......≈≈≈≈≈≈≈≈≈≈≈≈≈≈≈#.##
#....################## #
##...## #...## #...#


You could see 5 river rats and 4 rats.

Vanquished Creatures
  Robin (D:2)
  4 gnolls (D:2)
  4 adders
  4 ball pythons
  4 endoplasms
  2 giant cockroaches
  13 goblins
  4 hobgoblins (D:1)
  5 jackals
  4 bats
  2 frilled lizards (D:1)
  2 kobolds
  11 rats
  A spectral goblin (D:1)
61 creatures vanquished.

Notes
Turn   | Place    | Note
-------+----------+-------------------------------------------
     0 | D:1      | bande the Gargoyle Fighter began the quest for the Orb.
     0 | D:1      | Reached XP level 1. HP: 14/14 MP: 1/1
   789 | D:1      | Reached XP level 2. HP: 19/19 MP: 2/2
  1127 | D:1      | Found a faded altar of an unknown god.
  1533 | D:2      | Noticed Robin
  1556 | D:1      | Reached XP level 3. HP: 17/23 MP: 3/3
  2805 | D:2      | Killed Robin
  2867 | D:2      | Reached XP level 4. HP: 29/29 MP: 4/4
  3473 | D:2      | Reached XP level 5. HP: 8/33 MP: 5/5
  4220 | D:3      | Found a glowing drain.
  4242 | Sewer    | Entered a sewer
  4362 | Sewer    | Slain by a river rat

Illustrated notes

Levels and vault maps discovered:
D:1:      nagdon_arrival_zigzag_paths, layout_basic,
          dreamdust_ecumenical_altar_drowned_temple,
          wander_ebering_terrifying_dragon_lair
D:2:      layout_loops_ring, uniq_robin
D:3:      minmay_general_purpose_star, layout_loops_ring, gup_sewer_entry_glass
Sewer:    sewer_minmay_w

Skill      XL: |  1  2  3  4  5 |
---------------+----------------+-----
Axes           | 2 3 |  3.5
Armour         | 4 |  4.1
Fighting       | 4 |  4.0
Shields        | |  3.8

Action                   |  1- 3 |  4- 6 || total
-------------------------+-------+-------++-------
Melee: War axe           |    98 |    99 ||   197
  Use: Scroll            |       |     6 ||     6
Armor: Scale mail        |    63 |    61 ||   124
Dodge: Dodged            |    70 |    46 ||   116
Block: Buckler           |    25 |    24 ||    49

Table legend: (Time is in decaauts)
 A = Elapsed time spent in this place.
 B = Non-inter-level travel time spent in this place.
 C = Inter-level travel time spent in this place.
 D = Time resting spent in this place.
 E = Time spent auto-exploring this place.
 F = Levels seen in this place.
 G = Mean time per level.
                   A        B        C        D        E       F      G
               +--------+--------+--------+--------+--------+-----+--------+
         Total |   4463 |   4463 |      0 |   2204 |   1663 |   4 | 1115.8 |
       Dungeon |   4316 |   4316 |      0 |   2204 |   1581 |   3 | 1438.7 |
         Sewer |    147 |    147 |      0 |      0 |     81 |   1 |  147.0 |
               +--------+--------+--------+--------+--------+-----+--------+

Top non-repeatable levels by time:
     D:1: 2750 daAuts
     D:2: 1522 daAuts
   Sewer: 147 daAuts
     D:3: 43 daAuts
